 Dungeon Crawl Stone Soup version 0.29.1-1-gd02db69 (webtiles) character file.

Game seed: 592759525319790410

257 Timinator the Insei (level 5, -6/41 HPs)
             Began as a Demigod Transmuter on Jan 10, 2023.
             Killed by divine providence
             ... invoked by an orc priest
              (13 damage)
             ... on level 4 of the Dungeon.
             The game lasted 00:14:01 (4205 turns).

Timinator the Insei (Demigod Transmuter)            Turns: 4205, Time: 00:14:03

Health: -6/41      AC:  3    Str: 11    XL:     5   Next: 61%
Magic:  8/10       EV: 12    Int: 15    God:
Gold:   200        SH:  0    Dex: 18    Spells: 5/8 levels left

rFire   + . .      SeeInvis .     - Unarmed
rCold   . . .      Faith    .   (no shield)
rNeg    . . .      Spirit   .   q - +0 leather armour
rPois   .          Reflect  .   (helmet currently unavailable)
rElec   .          Harm     .   (no cloak)
rCorr   .          Rampage  .   (no gloves)
Will    +....                   (boots currently unavailable)
Stlth   +.........              (no amulet)
HPRegen 0.13/turn               e - ring of protection from fire
MPRegen 0.12/turn               i - ring of willpower

@: appendages
A: horns 2, talons 2, high MP 1, forlorn, divine attributes
a: End Transformation


You were on level 4 of the Dungeon.
You had temporarily grown beastly horns and talons.
You visited 1 branch of the dungeon, and saw 4 of its levels.

You collected 200 gold pieces.

Inventory:

Hand Weapons
 o - the +6 short sword of Hunun {holy, Str+4}
   (You found it on level 2 of the Dungeon)

   It has been blessed by the Shining One to cause great damage to the undead
   and demons.
   Str:       It affects your strength (+4).
Armour
 d - a +0 helmet (melded)
 m - a +0 ring mail
 q - a +0 leather armour (worn)
Jewellery
 e - a ring of protection from fire (left hand)
 i - a ring of willpower (right hand)
Scrolls
 f - 2 scrolls of magic mapping {unknown}
 h - 2 scrolls of torment {unknown}
 j - a scroll of blinking {unknown}
 l - a scroll of silence {unknown}
 p - 2 scrolls of identify {unknown}
 r - a scroll of enchant weapon {unknown}
 t - a scroll of amnesia {unknown}
 u - a scroll of brand weapon {unknown}
 w - 2 scrolls of teleportation {unknown}
Potions
 a - a potion of ambrosia {unknown}
 b - a potion of flight {unknown}
 c - 2 potions of berserk rage {unknown}
 g - a potion of heal wounds {unknown}
 k - a potion of magic {unknown}
 n - a potion of mutation {unknown}
 s - a potion of haste {unknown}
 v - 2 potions of curing


   Skills:
 * Level 2.1 Fighting
 * Level 2.1 Armour
 + Level 2.4 Dodging
 + Level 3.8 Unarmed Combat
 - Level 2.0 Spellcasting
 * Level 3.2 Transmutations


You had 5 spell levels left.
You knew the following spells:

 Your Spells              Type           Power      Damage    Failure   Level
a - Beastly Appendage     Tmut           22%        N/A       8%          1
b - Wereblood             Tmut           11%        N/A       12%         2

Your spell library contained the following spells:

 Spells                   Type           Power      Damage    Failure   Level
 Freeze                   Ice            4%         1d3       28%         1
 Spider Form              Tmut/Pois      6%         N/A       41%         3
 Frozen Ramparts          Ice            2%         1d1       65%         3
 Gell's Gravitas          Tloc           1%         N/A       65%         3
 Lesser Beckoning         Tloc           1%         N/A       65%         3
 Teleport Other           Tloc           1%         N/A       65%         3
 Ice Form                 Ice/Tmut       6%         N/A       83%         4
 Anguish                  Hex/Necr       0%         N/A       96%         4
 Hailstorm                Conj/Ice       1%         3d3       96%         4
 Enfeeble                 Hex            0%         N/A       100%        7


Dungeon Overview and Level Annotations

Branches:
Dungeon (4/15)             Temple (0/1) D:4


Innate Abilities, Weirdness & Mutations

You have temporarily grown beastly horns and talons.
You have an increased reservoir of magic. (+10% MP)
You shall have no god before yourself.
Your divine heritage dramatically boosts your attributes as you level up.


Message History

The orc hits you with a +0 flail.
You barely miss the orc priest. Your kick misses the orc priest.
You headbutt the orc priest.
The orc priest is lightly wounded.
The orc priest barely misses you. The orc hits you with a +0 short sword.
The orc hits you with a +0 flail.
Your magical contamination has completely faded away.
You barely miss the orc priest. Your kick misses the orc priest.
The orc priest is lightly wounded.
The orc priest hits you with a +0 club.
* * * LOW HITPOINT WARNING * * *
The orc hits you but does no damage. The orc closely misses you.
It was a potion of curing.
You feel better. The orc priest closely misses you.
The orc hits you with a +0 short sword. The orc barely misses you.
You completely miss the orc priest. You claw the orc priest.
The orc priest is lightly wounded.
Your horns disappear.
Your talons disappear.
Your +0 helmet unmelds from your body.
The orc priest hits you with a +0 club. The orc barely misses you.
The orc closely misses you.
You hit the orc priest.
The orc priest is heavily wounded.
The orc priest hits you with a +0 club.
* * * LOW HITPOINT WARNING * * *
The orc hits you with a +0 short sword.
* * * LOW HITPOINT WARNING * * *
The orc closely misses you. The orc attacks as you move away!
The orc barely misses you.
The orc priest attacks as you move away!
The orc priest hits you but does no damage.
The orc hits you with a +0 flail.
* * * LOW HITPOINT WARNING * * *
Found a stone staircase leading down.
There is an open door here.
Casting: Wereblood (safe; 12% risk of failure)
Confirm with . or Enter, or press ? or * to list all spells.
You grow a pair of large bovine horns.
Your feet morph into talons.
Your +0 helmet melds into your body.
The orc priest mumbles some strange prayers to Beogh against you.
Beogh smites you!
You die...

+.......................#
#....##....<##..........#
#....##<....##.....)....#
##.h.##.)...†...........#
#h####.....##....####'##
#..........########....#
....#########..........#
.....##.....##..........#
.......#.....@ooo........#
.....h..#>....####').##...#
...##...h#.....##...#.######
#..........#.'#
#..........#≈##
#.....##...#≈# #.....
#...#≈# ......#....#.+
.'....#.#


You could see an orc priest and 2 orcs.

Vanquished Creatures
  A necrophage (D:4)
  An orc priest (D:3)
  An orc wizard (D:3)
  4 adders
  2 worms
  3 dart slugs
  6 orcs
  4 bats
  9 endoplasms
  6 giant cockroaches
  10 goblins
  10 hobgoblins
  3 jackals (D:4)
  6 kobolds
  2 quokkas
  5 ball pythons
  3 frilled lizards (D:1)
  4 rats
80 creatures vanquished.

Vanquished Creatures (others)
  4 plants (D:2)
4 creatures vanquished.

Grand Total: 84 creatures vanquished

Notes
Turn   | Place    | Note
-------+----------+-------------------------------------------
     0 | D:1      | Timinator the Demigod Transmuter began the quest for the
                  | Orb.
     0 | D:1      | Reached XP level 1. HP: 15/15 MP: 5/5
    45 | D:1      | Reached skill level 1 in Fighting
   199 | D:1      | Reached XP level 2. HP: 23/23 MP: 4/7
   620 | D:1      | Learned a level 2 spell: Wereblood
  1072 | D:2      | Reached XP level 3. HP: 28/28 MP: 5/8
  1353 | D:2      | Identified the +6 short sword of Hunun {holy, Str+4}
  1432 | D:2      | Reached skill level 1 in Armour
  2437 | D:3      | Reached XP level 4. HP: 13/36 MP: 6/9
  3427 | D:3      | Reached XP level 5. HP: 35/41 MP: 10/10
  3963 | D:4      | Found a staircase to the Ecumenical Temple.
  4205 | D:4      | Killed from afar by an orc priest

Illustrated notes

Levels and vault maps discovered:
D:1:      evilmike_arrival_crescent, layout_basic,
          shapermc_ecumenical_altar_starsandcircs
D:2:      layout_rooms, serial_bayou_crossing
D:3:      layout_loops_ring, serial_park_tiny_2
D:4:      layout_gridville, minmay_temple_entry_purple_smoke,
          corexii_corridor_pit

Skill      XL: |  1  2  3  4  5 |
---------------+----------------+-----
Fighting       | 1 2 |  2.1
Transmutations | 2 3 |  3.2
Unarmed Combat | 3 |  3.8
Dodging        | 2 |  2.4
Armour         | 1 2 |  2.1
Spellcasting   | 2 |  2.0

Action                   |  1- 3 |  4- 6 || total
-------------------------+-------+-------++-------
Melee: Unarmed           |   122 |   123 ||   245
       Kick              |    24 |    29 ||    53
       Headbutt          |    13 |    22 ||    35
       Punch             |     4 |     1 ||     5
 Cast: Beastly Appendage |    29 |    18 ||    47
       Wereblood         |     1 |     1 ||     2
  Use: Potion            |     1 |     2 ||     3
       Scroll            |       |     1 ||     1
 Stab: Sleeping          |       |     1 ||     1
Armor: Robe              |    20 |       ||    20
       Skin              |     3 |     5 ||     8
       Leather armour    |       |    30 ||    30
Dodge: Dodged            |    73 |    62 ||   135
